Map: Catalyst LE

Players

HateMe

  • Race: Zerg Zerg
  • Spawn Location: 5:00

Elazer - Winner!

  • Race: Zerg Zerg
  • Spawn Location: 11:00

Event: WCS Valencia 2018

VOD

Have the link to the VOD?

Description

Time

  • Played on: July 12, 2018, 10:58 a.m.
  • Length: 9:30

All games in this series

Show
View Real Time Build Order
Export as new Build Order

HateMe Zerg 

Build Orders: Hatch First 

Get SALT Encoding   

  12  0:02  Drone  
  13  0:12  Overlord  
  13  0:17  Drone  
  14  0:31  Drone x2  
  14  0:34  Drone  
  17  0:52  Hatchery  
  17  0:55  Drone  
  17  0:58  Drone  
  17  1:01  Extractor  
  17  1:13  Spawning Pool  
  17  1:16  Drone  
  17  1:20  Drone  
  18  1:29  Drone  
  19  1:39  Overlord  
  19  1:49  Drone  
  20  2:00  Queen  
  22  2:01  Zergling x2  
  22  2:03  Metabolic Boost  
  22  2:04  Queen  
  22  2:07  Zergling x2  
  26  2:11  Drone  
  26  2:15  Drone  
  29  2:22  Drone  
  29  2:26  Drone  
  30  2:38  Hatchery  
  30  2:40  Drone  
  30  2:42  Drone  
  31  2:49  Baneling Nest  
  31  2:50  Drone  
  31  2:55  Overlord  
  31  2:57  Drone  
  32  3:03  Drone  
  32  3:05  Drone  
  34  3:09  Zergling x4  
  36  3:16  Overlord  
  36  3:18  Zergling x2  
  36  3:19  Drone x2  
  39  3:21  Drone  
  39  3:24  Zergling x2  
  41  3:29  Zergling x2  
  41  3:32  Queen  
  41  3:33  Baneling x2  
  44  3:35  Zergling x2  
  44  3:37  Baneling x2  
  44  3:39  Baneling  
  45  3:46  Zergling x8  
  46  3:55  Zergling x10  
  47  4:00  Overlord  
  47  4:03  Drone  
  47  4:04  Drone  
  47  4:08  Drone  
  49  4:10  Baneling x2  
  49  4:12  Drone  
  49  4:13  Drone  
  51  4:17  Queen, Evolution Chamber  
  51  4:19  Drone  
  53  4:24  Drone x2  
  53  4:28  Drone  
  55  4:32  Drone  
  55  4:33  Drone x3  
  55  4:34  Drone  
  54  4:47  Extractor  
  54  4:48  Zerg Missile Weapons Level 1  
  54  4:49  Roach Warren  
  54  4:51  Overlord  
  52  4:54  Zergling x8  
  52  4:58  Drone x3  
  58  5:02  Baneling x2  
  58  5:04  Drone  
  58  5:06  Zergling x4  
  60  5:15  Zergling x2  
  60  5:18  Queen  
  60  5:21  Zergling x12  
  58  5:36  Zergling x14  
  61  5:52  Lair  
  61  5:55  Overlord  
  61  5:56  Drone x3  
  64  5:57  Drone  
  64  6:01  Drone  
  65  6:13  Overlord x2  
  65  6:17  Drone x6  
  67  6:20  Extractor  
  67  6:22  Baneling x2, Extractor  
  65  6:28  Overlord  
  65  6:30  Drone x8  
  73  6:35  Drone  
  73  6:39  Roach x2  
  76  6:47  Roach  
  76  6:48  Roach  
  76  6:52  Roach x5  
  90  6:54  Baneling  
  90  6:57  Roach x3  
  96  7:01  Overlord  
  96  7:05  Overlord  
  96  7:07  Roach  
  98  7:12  Baneling x3  
  96  7:16  Roach  
  96  7:21  Roach  
  96  7:22  Roach x3  
  105  7:26  Roach x6  
  105  7:29  Roach  
  112  7:31  Roach  
  112  7:32  Zergling x10  
  112  7:36  Queen  
  107  7:42  Roach  
  106  7:44  Roach  
  95  7:53  Roach  
  95  7:54  Roach x2  
  95  7:57  Queen x2  
  95  7:58  Glial Reconstitution  
  97  8:01  Drone  
  97  8:03  Drone  
  97  8:04  Drone  
  91  8:23  Drone  
  91  8:24  Drone x4  
  91  8:26  Overseer  
  96  8:28  Roach  
  96  8:32  Extractor, Hatchery  
  96  8:34  Roach  
  96  8:38  Roach  
  96  8:39  Roach  
  102  8:45  Overlord  
  102  8:47  Roach x4  
  110  8:49  Roach  
  110  8:54  Roach  
  113  8:57  Ravager  
  113  9:01  Overlord  
  113  9:02  Overlord  
  114  9:08  Roach x6  
  118  9:10  Roach  
Show
View Real Time Build Order
Export as new Build Order

Elazer Zerg - Winner!

Build Orders: Hatch First 

Get SALT Encoding   

  12  0:00  Drone  
  13  0:12  Overlord  
  13  0:17  Drone  
  14  0:30  Drone x2  
  16  0:48  Hatchery  
  15  0:51  Drone  
  15  0:55  Drone  
  17  0:58  Drone  
  18  1:09  Extractor  
  17  1:13  Spawning Pool  
  17  1:17  Drone  
  17  1:20  Drone  
  18  1:28  Drone  
  19  1:38  Drone  
  20  1:49  Overlord  
  20  2:00  Drone, Queen x2  
  20  2:01  Drone  
  26  2:10  Metabolic Boost  
  26  2:11  Drone  
  26  2:12  Zergling x2  
  28  2:21  Drone  
  28  2:22  Drone  
  30  2:32  Zergling x4  
  32  2:42  Hatchery  
  31  2:45  Queen  
  31  2:51  Overlord  
  33  2:53  Drone  
  33  2:54  Drone  
  33  2:57  Drone  
  36  3:09  Zergling x8  
  36  3:11  Zergling x4  
  42  3:13  Zergling x2  
  42  3:19  Baneling Nest  
  42  3:20  Overlord  
  42  3:23  Drone  
  43  3:29  Drone  
  44  3:38  Overlord  
  44  3:39  Drone x3  
  47  3:41  Drone  
  47  3:43  Drone  
  47  3:54  Drone x3  
  47  3:55  Drone  
  47  3:58  Zergling x2  
  47  3:59  Zergling x4  
  49  4:06  Zergling x2  
  49  4:14  Zergling x6  
  49  4:16  Queen x2  
  53  4:20  Baneling x2  
  55  4:26  Overlord  
  55  4:27  Zergling x2  
  55  4:29  Zergling x2  
  55  4:31  Zergling x12  
  62  4:37  Queen  
  61  4:39  Zergling x2  
  61  4:40  Zergling x4  
  61  4:43  Baneling x3  
  61  4:45  Zergling x4  
  66  4:50  Overlord  
  66  4:52  Extractor  
  64  4:53  Evolution Chamber  
  64  4:59  Overlord  
  63  5:02  Drone x5  
  63  5:03  Drone  
  63  5:05  Drone  
  70  5:13  Drone  
  70  5:14  Drone x2  
  70  5:15  Drone x2  
  70  5:20  Drone  
  70  5:28  Zerg Missile Weapons Level 1, Overlord, Extractor  
  63  5:30  Drone, Roach Warren  
  63  5:31  Drone  
  63  5:32  Drone  
  63  5:34  Drone x2  
  63  5:36  Zergling x2  
  63  5:40  Zergling x2  
  63  5:41  Zergling x6  
  67  5:52  Overlord, Lair  
  67  5:55  Extractor  
  67  5:56  Drone x3  
  69  5:58  Zergling x8  
  72  6:12  Roach x7  
  72  6:16  Roach x2  
  87  6:26  Overlord  
  87  6:27  Roach x2  
  87  6:30  Roach  
  87  6:31  Roach x2  
  97  6:33  Roach  
  97  6:36  Roach x2  
  101  6:50  Roach x6  
  101  6:53  Glial Reconstitution  
  113  6:56  Extractor, Drone  
  113  6:59  Drone  
  113  7:00  Overlord x2  
  114  7:21  Ravager x2  
  114  7:22  Ravager  
  114  7:23  Drone x9  
  114  7:27  Overlord  
  113  7:33  Overlord  
  113  7:34  Roach x4  
  113  7:42  Hatchery  
  114  7:44  Roach x2  
  114  7:48  Roach  
  114  7:49  Roach x2  
  114  7:51  Roach  
  114  7:56  Roach  
  114  7:57  Roach x2  
  106  8:02  Roach x3  
  101  8:08  Roach x3  
  101  8:12  Roach  
  111  8:13  Roach  
  111  8:14  Roach  
  111  8:15  Roach  
  111  8:17  Roach  
  117  8:21  Roach x2  
  117  8:24  Roach  
  123  8:28  Roach  
  123  8:29  Roach  
  123  8:31  Overlord  
  123  8:33  Roach  
  123  8:34  Roach  
  131  8:37  Roach  
  131  8:38  Roach  
  131  8:39  Ravager x2  
  131  8:40  Unknown  
  137  8:42  Roach  
  137  8:48  Roach x3  
  145  8:51  Roach x2  
  149  8:56  Roach  
  149  8:57  Roach x2  
  155  9:03  Roach x2  
Tags
 
Add a new tag
Caveats
  • Supply blocks, unpowered buildings, or Contaminate may cause inaccurate times.
  • Supply counts are checked every 10 seconds.